 Dungeon Crawl Stone Soup version 0.14-a0-1863-gcc20582 (webtiles) character file.

209 Kae the Insei (level 5, -1/40 HPs)
             Began as a Draconian Transmuter on Jan 13, 2014.
             Slain by a scorpion (8 damage)
             ... on Level 3 of the Dungeon.
             The game lasted 00:03:58 (2584 turns).

Kae the Insei (Draconian Transmuter)                Turns: 2584, Time: 00:03:59

HP  -1/40        AC  5     Str 12      XL: 5   Next: 16%
MP   8/9         EV 12     Int 14      God:
Gold 51          SH  0     Dex 12      Spells:  1 memorised,  7 levels left

rFire  . . .     SeeInvis .       - Unarmed
rCold  . . .     Clarity  .     (armour unavailable)
rNeg   . . .     Conserve .     (no shield)
rPois  .         rCorr    .     (helmet restricted)
rElec  .         rRot     .     (no cloak)
SustAb . .       Spirit   .     (no gloves)
rMut   .         Warding  .     (no boots)
Saprov . . .     Stasis   .     (no amulet)
MR     .....                    (no ring)
                                (no ring)

@: appendage, not resistant to hostile enchantments, unstealthy
A: unfitting armour, horns 2, AC +5
a: End Transformation


You were on level 3 of the Dungeon.
You were hungry.
You had grown temporary horns.
You visited 1 branch of the dungeon, and saw 3 of its levels.

You collected 51 gold pieces.

Inventory:

Missiles
 b - 12 arrows
 f - 16 poisoned arrows
Comestibles
 a - a bread ration
 j - an apricot
Scrolls
 h - a scroll of fog {unknown}
 i - 3 scrolls of teleportation {unknown}
 l - 2 scrolls of remove curse {unknown}
 n - a scroll of enchant armour {unknown}
 o - a scroll of identify {unknown}
Jewellery
 g - an uncursed ring of protection from fire {unknown}
Potions
 k - a potion of restore abilities {unknown}
 m - a potion of resistance {unknown}
Books
 d - a book of Changes

   Spells                             Type                      Level
   *Beastly Appendage                 Transmutation                1
   Sticks to Snakes                   Transmutation                2
   Spider Form                        Transmutation/Poison         3
   Ice Form                           Ice/Transmutation            4
   Blade Hands                        Transmutation                5


   Skills:
 - Level 1.1 Fighting
 - Level 1.7 Dodging
 + Level 5.2 Unarmed Combat
 - Level 2.0 Spellcasting
 - Level 3.3 Transmutations


You had 7 spell levels left.
You knew the following spells:

 Your Spells              Type           Power        Failure   Level  Hunger
a - Beastly Appendage     Trmt           ##....       10%         1    ##.....


Dungeon Overview and Level Annotations

Branches:
Dungeon (3/16)

Altars:

Annotations:
D:3 Purgy


Innate Abilities, Weirdness & Mutations

Your plain brown scales are hard (AC +5).
Your body does not fit into most forms of armour.
Your cold-blooded metabolism reacts poorly to cold.
You have a pair of horns on your head.


Message History

The scorpion is moderately wounded.
* * * LOW HITPOINT WARNING * * *
You feel sick.
You feel a little better.
The scorpion stings you but does no damage.
You closely miss the scorpion.
You headbutt the scorpion, but do no damage.
You tail-slap the scorpion, but do no damage.
The scorpion is moderately wounded.
* * * LOW HITPOINT WARNING * * *
You feel sick. The scorpion stings you!
* * * LOW HITPOINT WARNING * * *
You are more poisoned.
The scorpion poisons you!
Drink which item? (? for menu, Esc to quit)
You feel better.
It was a potion of curing.
The scorpion barely misses you.
You hit the scorpion but do no damage.
The scorpion is moderately wounded.
The scorpion stings you!
You die...

. #. ..#.#.###
.........# #.#
#)# ####)#
#..s.# #.#@.#
#.#..# .g#..#
.###..# .. #..#
## #..########
#...........
######.###....
#.)............


You could see a scorpion.

Vanquished Creatures
  Ijyb (D:2)
  2 gnolls (D:3)
  3 adders
  6 worms (D:2)
  5 giant geckos
  An orc (D:3)
  5 giant cockroaches
  5 goblins
  7 hobgoblins
  9 kobolds
  A quokka (D:2)
  5 bats
  4 giant newts
  4 jackals (D:2)
  6 rats (D:2)
64 creatures vanquished.

Notes
Turn   | Place    | Note
--------------------------------------------------------------
     0 | D:1      | Kae, the Draconian Transmuter, began the quest for the Orb.
     0 | D:1      | Reached XP level 1. HP: 16/16 MP: 3/3
    45 | D:1      | Reached XP level 2. HP: 8/23 MP: 2/4
   438 | D:1      | Reached skill level 4 in Unarmed Combat
   849 | D:2      | Reached XP level 3. HP: 4/28 MP: 4/6
  1343 | D:2      | Reached XP level 4. HP: 31/35 MP: 5/7
  1502 | D:2      | Noticed Ijyb
  1510 | D:2      | Killed Ijyb
  2114 | D:3      | Reached skill level 5 in Unarmed Combat
  2385 | D:3      | Reached XP level 5. HP: 38/40 MP: 7/9
  2398 | D:3      | Noticed Purgy
  2573 | D:3      | HP: 1/40 [scorpion (7)]
  2582 | D:3      | HP: 1/40 [scorpion (7)]
  2584 | D:3      | Slain by a scorpion

Action                   |  1- 3 |  4- 6 || total
-------------------------+-------+-------++-------
Melee: Unarmed           |   124 |   126 ||   250
 Cast: Beastly Appendage |    11 |    17 ||    28
  Use: Potion            |       |     2 ||     2
